 Dungeon Crawl Stone Soup version 0.24.1 (webtiles) character file.

Game seed: 8881354798431827711, levelgen mode: deterministic

1682 Fukker the Vexing (level 8, 0/52 HPs)
             Began as a Demonspawn Enchanter on Mar 28, 2020.
             Was a Follower of Okawaru.
             Killed from afar by a centaur (4 damage)
             ... with a burst of metal fragments
             ... on level 7 of the Dungeon.
             The game lasted 00:14:38 (6272 turns).

Fukker the Vexing (Demonspawn Enchanter)            Turns: 6272, Time: 00:14:40

Health: 0/52       AC:  4    Str:  8    XL:     8   Next: 71%
Magic:  9/11       EV: 12    Int: 19    God:    Okawaru [*.....]
Gold:   326        SH:  0    Dex: 14    Spells: 2/11 levels left

rFire    . . .     SeeInvis .   x - +1 dagger (drain)
rCold    . . .     Gourm    .   (no shield)
rNeg     . . .     Faith    .   p - +0 robe {MR+}
rPois    .         Spirit   .   (no helmet)
rElec    .         Reflect  .   (no cloak)
rCorr    .         Harm     .   (no gloves)
MR       +....                  (no boots)
Stlth    ++........             (no amulet)
HPRegen  0.17/turn              (no ring)
MPRegen  0.12/turn              (no ring)

@: no status effects
A: icy blue scales 1, powered by pain 1, spiny 1
a: Heroism, Renounce Religion


You were on level 7 of the Dungeon.
You worshipped Okawaru.
Okawaru was aware of your devotion.
You were not hungry.

You visited 2 branches of the dungeon, and saw 8 of its levels.

You collected 326 gold pieces.

Inventory:

Hand Weapons
 q - a +2 war axe of flaming
 x - a +1 dagger of draining (weapon)
Missiles
 c - 244 stones (quivered)
 h - 39 bolts
 j - 56 arrows
Armour
 b - a +0 robe
 p - a +0 robe of magic resistance (worn)
Magical Staves
 B - an uncursed staff of poison {unknown}
Wands
 n - a wand of flame (15)
 u - a wand of polymorph (12)
 y - a wand of digging (6)
Scrolls
 a - a scroll of amnesia {unknown}
 e - 2 scrolls of blinking {unknown}
 f - 6 scrolls of identify {unknown}
 g - 3 scrolls of remove curse {unknown}
 k - a scroll of noise {unknown}
 l - a scroll of enchant armour {unknown}
 o - 3 scrolls of teleportation {unknown}
 s - a scroll of magic mapping {unknown}
 t - a scroll of enchant weapon {unknown}
 w - a scroll of immolation {unknown}
 z - 2 scrolls of brand weapon {unknown}
Potions
 i - 2 potions of heal wounds {unknown}
 m - 2 potions of berserk rage {unknown}
 r - 2 potions of agility {unknown}
 v - a potion of might {unknown}
 C - a potion of magic {unknown}
Comestibles
 d - 9 rations
 A - 4 chunks of flesh


   Skills:
 - Level 0.1 Fighting
 - Level 5.0 Short Blades
 - Level 1.7 Dodging
 - Level 2.6 Stealth
 - Level 2.0 Spellcasting
 + Level 7.5 Hexes
 - Level 6.0 Ice Magic


You had 2 spell levels left.
You knew the following spells:

 Your Spells              Type           Power        Failure   Level  Hunger
a - Corona                Hex            ####...      1%          1    #......
b - Ensorcelled Hibernat  Hex/Ice        ####..       1%          2    ###....
c - Confuse               Hex            ####....     2%          3    ###....
d - Tukima's Dance        Hex            ####....     2%          3    ###....

Your spell library contained the following spells:

 Spells                   Type           Power        Failure   Level  Hunger
 Dazzling Spray           Conj/Hex       ###...       11%         3    ###....


Dungeon Overview and Level Annotations

Branches:
Dungeon (7/15)             Temple (1/1) D:5

Altars:
Ashenzari
Cheibriados
Dithmenos
Elyvilon
Fedhas
Gozag
Hepliaklqana
Nemelex Xobeh
Okawaru
Qazlal
Ru
Sif Muna
Uskayaw
Vehumet
Xom
Yredelemnul
Zin
The Shining One


Innate Abilities, Weirdness & Mutations

You are partially covered in icy blue scales. (AC +2)
You sometimes gain a little power by taking damage.
You are partially covered in sharp spines.


Message History

The burst of metal fragments hits you.
The burst of metal fragments misses you. x2
The burst of metal fragments hits you! x2
* * * LOW HITPOINT WARNING * * *
The burst of metal fragments misses you.
Casting: Ensorcelled Hibernation (safe; 1% risk of failure)
Confirm with . or Enter, or press ? or * to list all spells.
Aiming: Ensorcelled Hibernation (safe; 1% risk of failure)
Press: ? - help, Shift-Dir - straight line, f - centaur
Aim: a centaur, wielding a +0 shortbow and carrying a wand of scattershot (2) (chance to defeat MR: 56%)
The centaur resists with significant effort.
The centaur unwields a +0 shortbow.
The centaur is struck by your spines. The centaur barely misses you.
The centaur hits you.
* * * LOW HITPOINT WARNING * * *
The centaur zaps a wand.
The burst of metal fragments misses you.
The burst of metal fragments hits you but does no damage.
The burst of metal fragments hits you.
You die...

#............# #
##..........# #
#........(.# ####
...........# #... #...(..#
.. .... #.....# #... ....
#. ##..(.###..... #### #.#
#.c.((<(...... #..
#.h@......#...
####.##.......###
#.......(..####
........(##### ........(#
#.#####
........####.....####
........# #.........####
........# #............###
........###..............#


You could see a centaur and a hound.

Vanquished Creatures
  A hippogriff (D:7)
  A sky beast (D:5)
  3 ogres
  2 centaurs
  Blork the orc (D:5)
  2 bullfrogs
  A scorpion (D:5)
  A howler monkey (D:4)
  2 crimson imps
  2 hounds
  A jelly (D:5)
  2 centaur zombies
  2 orc priests (D:6)
  3 orc wizards
  Ijyb (D:4)
  3 iguanas (D:6)
  4 worker ants
  A hound skeleton (D:7)
  A hound zombie (D:5)
  3 adders
  2 shadow imps
  An ooze (D:1)
  A worm (D:3)
  A dart slug (D:1)
  A leopard gecko (D:7)
  10 orcs
  3 giant cockroaches
  8 goblins
  7 hobgoblins
  7 jackals
  4 kobolds
  5 quokkas
  7 bats
  2 frilled lizards
  A leopard gecko skeleton (D:4)
  9 rats
106 creatures vanquished.

Notes
Turn   | Place    | Note
-------+----------+-------------------------------------------
     0 | D:1      | Fukker the Demonspawn Enchanter began the quest for the
                  | Orb.
     0 | D:1      | Reached XP level 1. HP: 13/13 MP: 3/3
     3 | D:1      | Reached skill level 1 in Short Blades
    37 | D:1      | Gained mutation: You are partially covered in sharp spines.
                  | [demonic ancestry]
    37 | D:1      | Reached XP level 2. HP: 10/19 MP: 1/5
   180 | D:1      | Learned a level 2 spell: Ensorcelled Hibernation
  1005 | D:2      | Reached XP level 3. HP: 9/24 MP: 3/6
  1441 | D:2      | Found a radiant altar of Vehumet.
  2322 | D:3      | Gained mutation: You are partially covered in icy blue
                  | scales. (AC +2) [demonic ancestry]
  2322 | D:3      | Reached XP level 4. HP: 27/30 MP: 7/7
  2359 | D:3      | Found a glowing silver altar of Zin.
  2467 | D:3      | Found a blossoming altar of Fedhas.
  2467 | D:3      | Found a basalt altar of Yredelemnul.
  2562 | D:4      | Found a hazy altar of Hepliaklqana.
  2595 | D:4      | Reached skill level 1 in Ice Magic
  2631 | D:4      | Noticed Ijyb
  2654 | D:5      | Entered Level 5 of the Dungeon
  2798 | D:4      | Killed Ijyb
  2962 | D:4      | Reached XP level 5. HP: 35/35 MP: 5/8
  3147 | D:4      | Noticed an ogre
  3154 | D:4      | Killed an ogre
  3154 | D:4      | Reached XP level 6. HP: 41/41 MP: 4/9
  3228 | D:4      | Reached skill level 5 in Short Blades
  3320 | D:5      | Noticed Blork the orc
  3330 | D:5      | Killed Blork the orc
  3563 | D:5      | Gained mutation: You sometimes gain a little power by
                  | taking damage. [demonic ancestry]
  3563 | D:5      | Reached XP level 7. HP: 45/46 MP: 3/10
  3645 | D:5      | Reached skill level 4 in Hexes
  3709 | D:5      | Learned a level 3 spell: Confuse
  3713 | D:5      | Learned a level 3 spell: Tukima's Dance
  3987 | D:5      | Reached skill level 5 in Ice Magic
  4301 | D:5      | Reached skill level 5 in Hexes
  4301 | D:5      | Reached XP level 8. HP: 48/52 MP: 11/11
  4400 | D:5      | Found a staircase to the Ecumenical Temple.
  4412 | Temple   | Entered the Ecumenical Temple
  4505 | Temple   | Became a worshipper of Warmaster Okawaru
  5640 | D:7      | Reached skill level 6 in Hexes
  5641 | D:7      | Noticed a hippogriff
  6053 | D:7      | Killed a hippogriff
  6053 | D:7      | Reached skill level 7 in Hexes
  6123 | D:7      | Reached * piety under Okawaru
  6272 | D:7      | Killed from afar by a centaur

Levels and vault maps discovered:
D:1:      onia_arrival_handbag, layout_basic, serial_forest,
          infiniplex_forest_clump_curved, infiniplex_forest_lined_room_2,
          infiniplex_forest_clump_curved, infiniplex_forest_clump_large,
          infiniplex_forest_corner_1
D:2:      layout_basic, vehumet_crystals, first_ration
D:3:      layout_basic, zin_academy, gammafunk_temple_overflow_wave,
          kennysheep_generic_room_15
D:4:      layout_loops_cross, lemuel_crystal_altar, uniq_ijyb
D:5:      layout_basic, minmay_temple_entry_glassed_door, uniq_blork_the_orc
D:6:      layout_loops_ring
D:7:      layout_cave_pods, uniq_pikel
Temple:   cyrus_circular_temple

Skill      XL: |  1  2  3  4  5  6  7  8 |
---------------+-------------------------+-----
Short Blades   | 1 2 3 4 5 |  5.0
Ice Magic      | 1 2 3 5 6 |  6.0
Hexes          | 5 7 |  7.5
Fighting       | |  0.1
Dodging        | |  1.7
Stealth        | |  2.6
Spellcasting   | |  2.0

Action                   |  1- 3 |  4- 6 |  7- 9 || total
-------------------------+-------+-------+-------++-------
Melee: Dagger            |   120 |    52 |   109 ||   281
Throw: Stone             |     3 |       |       ||     3
 Cast: Corona            |     4 |       |     2 ||     6
       Ensorcelled Hiber |     7 |    14 |    33 ||    54
       Confuse           |       |       |     7 ||     7
 Stab: Sleeping          |    11 |    11 |    18 ||    40
       Confused          |       |       |     3 ||     3
       Distracted        |       |       |     1 ||     1
  Eat: Chunk             |     2 |       |     9 ||    11
       Ration            |     1 |     1 |     1 ||     3
Armor: Robe              |    22 |     4 |    23 ||    49
Dodge: Dodged            |    53 |    24 |    62 ||   139
